 Dungeon Crawl Stone Soup version 0.31-a0-233-g139696dc86 (webtiles) character file.

Game seed: 11947758140724234611

74 zazu2006 the Changer (level 4, 0/32 HPs)
             Began as a Gnoll Wanderer on July 9, 2023.
             Slain by a kobold
             ... wielding a +0 club
              (3 damage)
             ... on level 2 of the Dungeon.
             The game lasted 00:02:51 (1310 turns).

zazu2006 the Changer (Gnoll Wanderer)               Turns: 1310, Time: 00:02:52

Health: 0/32       AC:  2    Str: 11    XL:     4   Next: 30%
Magic:  7/8        EV: 16    Int: 13    God:
Gold:   78         SH:  0    Dex: 12    Spells: 8/9 levels left

rFire   . . .        a - +0 long sword
rCold   . . .        (no shield)
rNeg    . . .        d - +0 robe
rPois   .            (helmet currently unavailable)
rElec   .            (no cloak)
rCorr   .            (no gloves)
SInv    .            (boots currently unavailable)
Will    .....        (no amulet)
Stlth   ++           f - +5 ring of evasion
HPRegen 0.25/turn    (no ring)
MPRegen 0.11/turn

%: no passive effects
@: lethally poisoned (0 -> -2), appendages
A: horns 2, talons 2, fangs 1, strong nose, distributed training
a: End Transformation


You were on level 2 of the Dungeon.
You had temporarily grown beastly horns and talons.
You visited 1 branch of the dungeon, and saw 2 of its levels.

You collected 78 gold pieces.

Inventory:

Hand Weapons
 a - a +0 long sword (weapon)
 l - a +1 short sword of electrocution
Armour
 d - a +0 robe (worn)
Magical Staves
 j - a staff of air
Jewellery
 f - a +5 ring of evasion (left hand)
 k - a ring of ice
Wands
 b - a wand of flame (4)
Scrolls
 g - a scroll of blinking {unknown}
 h - 3 scrolls of teleportation {unknown}
 m - a scroll of identify {unknown}
 o - a scroll of immolation {unknown}
Potions
 c - a potion of curing
 e - 4 potions of might {unknown}
 i - 3 potions of degeneration {unknown}
 n - a potion of heal wounds {unknown}


   Skills:
 + Level 1.1 Fighting
 + Level 1.1 Short Blades
 + Level 4.6 Long Blades
 + Level 1.1 Axes
 + Level 1.1 Maces & Flails
 + Level 1.1 Polearms
 + Level 1.1 Staves
 + Level 1.1 Ranged Weapons
 + Level 1.1 Throwing
 + Level 1.1 Armour
 + Level 1.1 Dodging
 + Level 1.1 Stealth
 + Level 1.1 Shields
 + Level 1.1 Unarmed Combat
 + Level 3.0 Spellcasting
 + Level 0.9 Conjurations
 + Level 0.9 Hexes
 + Level 0.9 Summonings
 + Level 0.9 Necromancy
 + Level 0.9 Translocations
 + Level 7.1 Transmutations
 + Level 0.9 Fire Magic
 + Level 0.9 Ice Magic
 + Level 0.9 Air Magic
 + Level 0.9 Earth Magic
 + Level 0.9 Poison Magic
 + Level 1.2 Invocations
 + Level 6.6 Evocations


You had 8 spell levels left.
You knew the following spells:

 Your Spells              Type           Power      Damage    Failure   Level
a - Beastly Appendage     Tmut           40%        N/A       1%          1

Your spell library contained the following spells:

 Spells                   Type           Power      Damage    Failure   Level
 Ignite Poison            Fire/Tmut/Pois 9%         N/A       21%         3
 Blink                    Tloc           8%         N/A       24%         2
 Manifold Assault         Tloc           4%         N/A       83%         4
 Storm Form               Tmut/Air       6%         N/A       100%        7


Dungeon Overview and Level Annotations

Branches:
Dungeon (2/15)

Altars:


Innate Abilities, Weirdness & Mutations

You have temporarily grown beastly horns and talons.
You have very sharp teeth.
Your uncanny sense of smell can sniff out nearby items.
Your experience applies equally to all skills.


Message History

The kobold completely misses you. The adder bites you.
The kobold barely misses you.
You closely miss the adder.
The adder is almost dead.
The adder barely misses you. The kobold misses you.
The adder closely misses you.
You miss the adder.
The adder is almost dead.
The adder misses you. The kobold barely misses you.
You closely miss the adder. Your bite misses the adder.
The adder is almost dead.
The adder closely misses you. The kobold hits you with a +0 club.
The adder closely misses you.
You completely miss the adder. Your bite misses the adder.
The adder is almost dead.
The kobold misses you. The adder completely misses you.
You closely miss the adder.
The adder is almost dead.
The adder misses you. The kobold completely misses you.
The adder barely misses you.
You hit the adder but do no damage.
The adder is almost dead.
The kobold hits you with a +0 club. The adder barely misses you.
The kobold misses you.
You miss the adder.
The adder is almost dead.
The adder bites you. The kobold closely misses you. The adder bites you.
* * * LOW HITPOINT WARNING * * *
You are poisoned.
The adder poisons you!
You closely miss the adder.
The adder is almost dead.
You feel sick. The adder barely misses you. The kobold hits you with a +0 club.
* * * LOW HITPOINT WARNING * * *
Casting: Beastly Appendage (safe; 1% risk of failure)
Confirm with . or Enter, or press ? or * to list all spells.
You grow a pair of large bovine horns.
Your feet morph into talons.
* * * LOW HITPOINT WARNING * * *
You feel sick. The adder misses you. The kobold hits you with a +0 club.
You die...

###.####.......# ####### #
#.##########.###.....# #
#..................#.#########
############.###..............
#.# #.##........... #.#
#.....######### #.# #######
#######.#######
#......K@S....# .#####.#####.#
#.# #.# #.# #.# #.# #.# #.#
#.# #.#####.##########
#....†...........##
#######.########...


You could see an adder and a kobold.

Vanquished Creatures
  A gnoll (D:1)
  An adder (D:2)
  A worm (D:2)
  5 ball pythons
  2 bats (D:2)
  4 endoplasms
  2 giant cockroaches (D:2)
  3 goblins
  6 hobgoblins
  7 jackals
  3 quokkas
  2 frilled lizards (D:2)
  6 kobolds
  4 rats (D:1)
47 creatures vanquished.

Notes
Turn   | Place    | Note
-------+----------+-------------------------------------------
     0 | D:1      | zazu2006 the Gnoll Wanderer began the quest for the Orb.
     0 | D:1      | zazu2006 set off with the following items: a +0 long sword,
                  | a wand of flame (4), a potion of curing, a +0 robe; and the
                  | following spell memorised: Beastly Appendage; and the
                  | following spells available to memorise: Ignite Poison.
     0 | D:1      | Reached XP level 1. HP: 13/13 MP: 4/4
   124 | D:1      | Reached XP level 2. HP: 19/19 MP: 3/5
   309 | D:1      | Reached XP level 3. HP: 25/25 MP: 7/7
   385 | D:1      | Reached skill level 1 in Invocations
   731 | D:2      | Reached skill level 1 in Fighting
   731 | D:2      | Reached skill level 1 in Short Blades
   731 | D:2      | Reached skill level 1 in Axes
   731 | D:2      | Reached skill level 1 in Maces & Flails
   731 | D:2      | Reached skill level 1 in Polearms
   731 | D:2      | Reached skill level 1 in Staves
   731 | D:2      | Reached skill level 1 in Ranged Weapons
   731 | D:2      | Reached skill level 1 in Throwing
   731 | D:2      | Reached skill level 1 in Armour
   731 | D:2      | Reached skill level 1 in Dodging
   731 | D:2      | Reached skill level 1 in Stealth
   731 | D:2      | Reached skill level 1 in Shields
   731 | D:2      | Reached skill level 1 in Unarmed Combat
   909 | D:2      | Reached XP level 4. HP: 21/32 MP: 6/8
  1310 | D:2      | Slain by a kobold

Illustrated notes

Levels and vault maps discovered:
D:1:      lightli_arrival_statue_moat, layout_basic, minmay_cut_off
D:2:      layout_loops_ring

Skill      XL: |  1  2  3  4 |
---------------+-------------+-----
Invocations    | 1 |  1.2
Fighting       | 1 |  1.1
Short Blades   | 1 |  1.1
Axes           | 1 |  1.1
Maces & Flails | 1 |  1.1
Polearms       | 1 |  1.1
Staves         | 1 |  1.1
Ranged Weapons | 1 |  1.1
Throwing       | 1 |  1.1
Armour         | 1 |  1.1
Dodging        | 1 |  1.1
Stealth        | 1 |  1.1
Shields        | 1 |  1.1
Unarmed Combat | 1 |  1.1
Spellcasting   | 3 |  3.0
Long Blades    | |  4.6
Conjurations   | |  0.9
Hexes          | |  0.9
Summonings     | |  0.9
Necromancy     | |  0.9
Translocations | |  0.9
Transmutations | |  7.1
Fire Magic     | |  0.9
Ice Magic      | |  0.9
Air Magic      | |  0.9
Earth Magic    | |  0.9
Poison Magic   | |  0.9
Evocations     | |  6.6

Action                     |  1- 3 |  4- 6 || total
---------------------------+-------+-------++-------
  Melee: Long sword        |   104 |    51 ||   155
         Kick              |     9 |     1 ||    10
         Headbutt          |     5 |       ||     5
         Bite              |     7 |     5 ||    12
         Punch             |     1 |     1 ||     2
   Cast: Beastly Appendage |     9 |     2 ||    11
   Stab: Sleeping          |     2 |       ||     2
         Distracted        |     1 |       ||     1
 Armour: Robe              |    15 |     8 ||    23
  Dodge: Dodged            |    87 |    72 ||   159

Table legend: (Time is in decaauts)
 A = Elapsed time spent in this place.
 B = Non-inter-level travel time spent in this place.
 C = Inter-level travel time spent in this place.
 D = Time resting spent in this place.
 E = Time spent auto-exploring this place.
 F = Levels seen in this place.
 G = Mean time per level.
                   A        B        C        D        E       F      G
               +--------+--------+--------+--------+--------+-----+--------+
         Total |   1337 |   1323 |     14 |     69 |    831 |   2 |  668.5 |
       Dungeon |   1337 |   1323 |     14 |     69 |    831 |   2 |  668.5 |
               +--------+--------+--------+--------+--------+-----+--------+

Top non-repeatable levels by time:
     D:2: 672 daAuts
     D:1: 665 daAuts
